 Dungeon Crawl Stone Soup version 0.30-a0-758-gc2c871d025 (webtiles) character file.

Game seed: 10402670085760972450

9500 Ijustatesigmund the Thaumaturge (level 11, -7/60 HPs)
             Began as a Deep Elf Conjurer on Feb 10, 2023.
             Was a Believer of Vehumet.
             Engulfed by a cloud of flame (16 damage)
             ... in a volcano.
             The game lasted 00:42:22 (11539 turns).

Ijustatesigmund the Thaumaturge (DECj)             Turns: 11539, Time: 00:42:22

Health: -7/60      AC:  6    Str:  6    XL:     11   Next: 23%
Magic:  28/28      EV: 14    Int: 32    God:    Vehumet [**....]
Gold:   307        SH:  0    Dex: 13    Spells: 19/32 levels left

rFire   . . .      SeeInvis .    f - +0 longbow
rCold   . . .      Faith    .    (shield currently unavailable)
rNeg    . . .      Spirit   .    a - +0 robe
rPois   .          Reflect  .    x - +0 helmet
rElec   .          Harm     .    n - +0 cloak
rCorr   .          Rampage  .    (no gloves)
Will    +....                    w - +1 pair of boots
Stlth   ++                       o - amulet of magic regeneration
HPRegen 0.30/turn                u - +6 ring of intelligence
MPRegen 0.61/turn                (no ring)

@: studying Necromancy
A: no striking features
a: Renounce Religion


You were in a volcano.
You worshipped Vehumet.
Vehumet was pleased with you.
You visited 3 branches of the dungeon, and saw 13 of its levels.
You also visited: Sewer, Ossuary and Volcano.

You collected 489 gold pieces.
You spent 182 gold pieces at shops.

Inventory:

Hand Weapons
 c - a +0 rapier
 f - a +0 longbow (weapon)
 E - a +0 shortbow of flaming
Missiles
 t - a throwing net
Armour
 a - a +0 robe (worn)
 n - a +0 cloak (worn)
 w - a +1 pair of boots (worn)
 x - a +0 helmet (worn)
Jewellery
 o - an amulet of magic regeneration (around neck)
 u - a +6 ring of intelligence (left hand)
Wands
 d - a wand of mindburst (9)
 i - a wand of paralysis (15)
 r - a wand of flame (41)
 v - a wand of iceblast (7)
 C - a wand of digging (8)
 D - a wand of acid (3)
Scrolls
 y - a scroll of identify
 B - 3 scrolls of teleportation
Potions
 b - 5 potions of magic
 g - 3 potions of brilliance
 h - a potion of berserk rage
 j - a potion of flight
 k - 6 potions of curing
 l - 3 potions of haste
 m - 4 potions of cancellation
 p - 4 potions of might
 q - 2 potions of resistance
 z - a potion of attraction
 A - 2 potions of lignification
 F - a potion of ambrosia


   Skills:
 - Level 3.0 Fighting
 + Level 9.3 Ranged Weapons
 - Level 5.5 Dodging
 - Level 2.4 Stealth
 + Level 11.3 Spellcasting
 + Level 10.1 Conjurations
 - Level 10.1 Necromancy
 - Level 4.3 Ice Magic
 + Level 4.4 Poison Magic
 - Level 4.7 Evocations


You had 19 spell levels left.
You knew the following spells:

 Your Spells              Type           Power      Damage    Failure   Level
a - Magic Dart            Conj           100%       1d8       1%          1
b - Searing Ray           Conj           100%       2d8       1%          2
c - Frozen Ramparts       Ice            90%        1d14      1%          3
d - Dispel Undead         Necr           70%        3d24      1%          4
e - Foxfire               Conj/Fire      100%       2x1d9     1%          1
f - Poisonous Vapours     Pois/Air       64%        N/A       1%          2

Your spell library contained the following spells:

 Spells                   Type           Power      Damage    Failure   Level
 Freeze                   Ice            100%       1d10      1%          1
 Necrotise                Necr           100%       1d9       1%          1
 Cigotuvi's Dreadful Rot  Necr/Pois/Air  98%        N/A       1%          2
 Dazzling Flash           Conj/Hex       100%       N/A       1%          3
 Hailstorm                Conj/Ice       59%        3d13      1%          3
 Vampiric Draining        Necr           70%        2d11      1%          3
 Agony                    Necr           70%        N/A       1%          5
 Apportation              Tloc           36%        N/A       2%          1
 Beastly Appendage        Tmut           36%        N/A       2%          1
 Summon Small Mammal      Summ           72%        N/A       2%          1
 Spider Form              Tmut/Pois      32%        N/A       3%          3
 Fulminant Prism          Conj/Hex       25%        3d14      3%          4
 Iskenderun's Mystic Bla  Conj/Tloc      50%        2d11      3%          4
 Wereblood                Tmut           18%        N/A       4%          2
 Death Channel            Necr           35%        N/A       6%          6
 Call Canine Familiar     Summ           18%        N/A       9%          3
 Summon Guardian Golem    Hex/Summ       18%        N/A       9%          3
 Silence                  Hex/Air        9%         N/A       58%         5


Dungeon Overview and Level Annotations

Branches:
Dungeon (11/15)            Temple (1/1) D:6            Lair (1/5) D:9
  Sewer (visited)         Ossuary (visited)         Volcano (1/1)
    Orc: D:9-12

Altars:
Ashenzari
Dithmenos
Elyvilon
Fedhas
Gozag
Hepliaklqana
Kikubaaqudgha
Makhleb
Nemelex Xobeh
Okawaru
Qazlal
Ru
Sif Muna
Trog
Uskayaw
Vehumet
Wu Jian
Xom
Yredelemnul
Zin
The Shining One

Shops:
D:11 *

Annotations:
D:9 1 runed translucent door


Message History

You feel strangely unstable.
The centaur unwields a +2 shortbow of flaming.
It stops flaming.
The centaur hits you.
The centaur kicks you but does no damage.
The fire bat is frozen!
The wall freezes the fire bat.
The fire bat bites you but does no damage.
The hell hound bites you.
You feel much better.
The fire bat is frozen!
The wall freezes the fire bat.
The fire bat bites you but does no damage.
The fire bat is frozen!
The wall freezes the fire bat.
The fire bat barely misses you. The centaur misses you. x2
The hell hound is frozen!
The wall freezes the hell hound.
The hell hound bites you.
The fire bat is frozen!
The wall freezes the fire bat.
The fire bat bites you but does no damage.
The centaur barely misses you. The centaur closely misses you.
The hell hound barely misses you.
The hell hound is frozen!
The wall freezes the hell hound!
The hell hound breathes flames at you.
The blast of flame hits the fire bat.
The fire bat completely resists.
The blast of flame hits you!
Aiming: Corrosive Bolt
Press: ? - help, Shift-Dir - straight line, f - fire bat
Aim: a fire bat (almost dead, 60% to hit)
The bolt of acid hits the fire bat!
You kill the fire bat!
Vehumet accepts your kill.
The bolt of acid hits the hell hound!
The acid corrodes the hell hound!
The hell hound is almost dead.
Your surroundings suddenly seem different.
The frozen ramparts melt away as you move.
You start resting.
The air gets thick with the scent of sulphur.
You start resting.
In the distance, the volcano erupts with a roar.
You are engulfed in blazing flames.
You are engulfed in blazing flames.
* * * LOW HITPOINT WARNING * * *
You are engulfed in blazing flames.
You die...

§≈≈#§≈≈#≈≈≈≈§#≈§≈≈≈
≈≈§§#≈§≈§≈≈§≈§≈§§≈§§#§≈§
≈≈≈≈§≈≈§≈≈≈○§≈≈§≈≈≈§§§≈§
≈≈§≈≈≈≈§≈§§§°○≈§§§§§≈≈§#
§§≈≈≈§≈≈≈§§≈°○○○§§≈§≈§≈§
.≈≈§≈§§§≈≈.§≈§§○≈§≈≈≈§§
≈.§≈≈§§≈§§..≈§§°≈§≈≈≈≈≈
..§^^^.......§○.°°##
..##+##...#####.@°○## .##
##.##...##°○#○### .#
#.#.....#○○#☼#∩# .#
#.#.....#○○#°#.# # .##
##.##...##○.##○##≈≈#
..#####...##)##°○°####≈≈≈#
...h).........○°○○#≈≈≈≈≈≈#
~~~~ch.~~~~.~.°○°°~≈≈≈≈≈≈#
.~.≈~~~~.~~~.~~≈~≈~~≈≈≈≈≈#


There were no monsters in sight!

Vanquished Creatures
  2 two-headed ogres (Volcano)
  A lindwurm (Lair:1)
  Pikel (D:6)
  A komodo dragon (D:9)
  A shadow (D:8)
  3 wraiths
  A wyvern (D:9)
  A fire bat (Volcano)
  Eustachio (D:4)
  11 yaks
  A steam dragon (D:10)
  2 vampire mosquitoes (D:9)
  2 water moccasins
  An acid dragon (D:7)
  A hell hound (Volcano)
  Duvessa (D:6)
  3 orc warriors
  3 ice beasts
  2 black bears
  2 ogres
  6 centaurs
  A phantom (D:6)
  3 kobold brigands
  4 lemures
  4 bullfrogs
  11 wights
  2 scorpions (D:5)
  Dowan (D:6)
  A howler monkey (Temple)
  6 hounds
  7 orc priests
  7 orc wizards
  4 iguanas
  4 gnolls (D:5)
  2 adders
  3 river rats (D:5)
  A white imp (D:5)
  3 ufetubi
  An adder zombie (Ossuary)
  2 worms
  3 dart slugs
  45 orcs
  9 ball pythons
  6 endoplasms
  5 giant cockroaches
  9 goblins
  7 hobgoblins
  4 quokkas
  3 ball python skeletons (Ossuary)
  8 bats
  3 frilled lizards
  2 hobgoblin zombies (Ossuary)
  23 kobolds
  A kobold zombie (Ossuary)
  2 orc zombies (Ossuary)
  5 rats
249 creatures vanquished.

Vanquished Creatures (others)
  3 plants (D:9)
3 creatures vanquished.

Grand Total: 252 creatures vanquished

Notes
Turn   | Place    | Note
-------+----------+-------------------------------------------
     0 | D:1      | Ijustatesigmund the Deep Elf Conjurer began the quest for
                  | the Orb.
     0 | D:1      | Reached XP level 1. HP: 10/10 MP: 6/6
   443 | D:1      | Reached XP level 2. HP: 15/15 MP: 4/8
   446 | D:1      | Learned a level 2 spell: Searing Ray
  1087 | D:2      | Reached XP level 3. HP: 19/19 MP: 5/10
  1091 | D:2      | Learned a level 3 spell: Frozen Ramparts
  1481 | D:2      | Reached skill level 1 in Ranged Weapons
  1481 | D:2      | Reached skill level 4 in Spellcasting
  2025 | D:3      | Reached skill level 5 in Conjurations
  2025 | D:3      | Reached skill level 1 in Ice Magic
  2025 | D:3      | Reached XP level 4. HP: 17/24 MP: 3/12
  2507 | D:3      | Found a faded altar of an unknown god.
  2711 | D:3      | Found a shadowy altar of Dithmenos.
  2820 | D:4      | Reached XP level 5. HP: 14/28 MP: 7/13
  3070 | D:4      | Identified the +6 mace "Letole Gawki" {antimagic, +Blink
                  | rF+}
  3650 | D:4      | Noticed Eustachio
  3664 | D:4      | Killed Eustachio
  3665 | D:4      | Reached skill level 5 in Spellcasting
  3665 | D:4      | Reached XP level 6. HP: 29/32 MP: 10/15
  3797 | D:5      | Entered Level 5 of the Dungeon
  3819 | D:5      | Noticed an ice beast
  3934 | D:5      | Reached XP level 7. HP: 36/36 MP: 13/17
  3942 | D:5      | Reached skill level 6 in Spellcasting
  4014 | D:5      | HP: 1/36 [ice beast (9)]
  4018 | D:5      | Reached skill level 5 in Ranged Weapons
  4081 | D:5      | Found a glowing drain.
  4106 | Sewer    | Entered a sewer
  4265 | Sewer    | Reached XP level 8. HP: 38/42 MP: 20/20
  4533 | Sewer    | Reached skill level 1 in Fighting
  4680 | D:5      | Identified the +1 leather armour "Zuoh Nome" {Will- MP+9
                  | Dex+3}
  4719 | D:5      | Learned a level 4 spell: Dispel Undead
  4892 | D:6      | Reached skill level 5 in Necromancy
  5019 | D:6      | Noticed Duvessa
  5074 | D:6      | Killed Duvessa
  5128 | D:6      | Noticed Dowan
  5135 | D:6      | Killed Dowan
  5211 | D:6      | Found a staircase to the Ecumenical Temple.
  5216 | D:6      | Reached skill level 1 in Evocations
  5224 | Temple   | Entered the Ecumenical Temple
  5372 | D:6      | Noticed Pikel
  5791 | D:6      | Killed Pikel
  5792 | D:6      | Reached XP level 9. HP: 50/50 MP: 21/21
  6013 | Temple   | Reached skill level 10 in Necromancy
  6179 | D:6      | Found a broken altar of Ashenzari.
  6179 | D:6      | Found an ancient bone altar of Kikubaaqudgha.
  6182 | D:6      | Found a hazy altar of Hepliaklqana.
  6185 | D:6      | Found a shimmering blue altar of Sif Muna.
  6186 | D:6      | Found a shimmering altar of Xom.
  6186 | D:6      | Found an opulent altar of Gozag.
  6187 | D:6      | Found a radiant altar of Vehumet.
  6188 | D:6      | Found a blossoming altar of Fedhas.
  6189 | D:6      | Found a glowing silver altar of Zin.
  6190 | D:6      | Found a sacrificial altar of Ru.
  6195 | D:6      | Became a worshipper of Vehumet
  6199 | D:6      | Found an ornate altar of the Wu Jian Council.
  6253 | D:6      | Reached skill level 7 in Spellcasting
  7337 | D:7      | Reached skill level 8 in Spellcasting
  7353 | D:7      | Reached skill level 5 in Dodging
  8185 | D:8      | Reached * piety under Vehumet
  8185 | D:8      | Offered knowledge of Foxfire by Vehumet.
  8186 | D:8      | Reached XP level 10. HP: 35/56 MP: 17/24
  8350 | D:8      | You fall into a shaft and drop 3 floors!
  8357 | D:11     | Found Weis's CLEARANCE SALE!.
  8365 | D:11     | Bought a potion of curing for 12 gold pieces
  8365 | D:11     | Bought 2 potions of lignification for 24 gold pieces
  8365 | D:11     | Bought a scroll of teleportation for 12 gold pieces
  8365 | D:11     | Bought a wand of digging (8) for 134 gold pieces
  8423 | D:10     | Entered Level 10 of the Dungeon
  8430 | D:10     | Reached skill level 9 in Spellcasting
  8577 | D:8      | Found a sand-covered staircase.
  8586 | Ossuary  | Entered an ossuary
  8630 | Ossuary  | Learned a level 1 spell: Foxfire
  9047 | D:8      | Offered knowledge of Poisonous Vapours by Vehumet.
  9257 | D:7      | Learned a level 2 spell: Poisonous Vapours
  9313 | D:8      | Reached skill level 10 in Spellcasting
  9453 | D:8      | Reached ** piety under Vehumet
  9707 | D:8      | Reached skill level 1 in Poison Magic
  9902 | D:9      | Found a staircase to the Lair.
 10307 | D:9      | Noticed a sixfirhy
 10374 | D:9      | Found a runed translucent door.
 10578 | D:9      | Found a stormy altar of Qazlal.
 11137 | Lair:1   | Entered Level 1 of the Lair of Beasts
 11183 | Lair:1   | Found a dark tunnel.
 11183 | Lair:1   | Noticed a lindwurm
 11191 | Lair:1   | Killed a lindwurm
 11192 | Lair:1   | Reached XP level 11. HP: 37/60 MP: 27/27
 11239 | Volcano  | Entered a volcano
 11350 | Volcano  | Noticed a two-headed ogre
 11360 | Volcano  | Killed a two-headed ogre
 11361 | Volcano  | Reached skill level 11 in Spellcasting
 11361 | Volcano  | Reached skill level 10 in Conjurations
 11496 | Volcano  | Noticed a two-headed ogre
 11508 | Volcano  | Killed a two-headed ogre
 11539 | Volcano  | Engulfed by a cloud of flame

Illustrated notes

Levels and vault maps discovered:
D:1:      minmay_arrival_widening_spiral_narrow, layout_loops_ring
D:2:      layout_basic
D:3:      layout_loops_ring, general_overflow_altar,
          ebering_ecumenical_altar_sacrificial
D:4:      layout_loops_corners, grunt_decor_clamped, uniq_eustachio
D:5:      layout_rooms, portal_sewer_entry_a, corexii_checkpoint_a
D:6:      layout_cave_pools, minitemple, minmay_temple_entry_glass, uniq_pikel,
          uniq_duvessa
D:7:      layout_basic
D:8:      layout_basic, nicolae_ossuary_entry_ruins
D:9:      cheibrodos_shockbox, layout_long_grid, lemuel_coloured_pillars_altar,
          david_lair_shrubbed
D:10:     nicolae_cairo_tiling_large_dashed, layout_basic, cheibriados_altar_1
D:11:     layout_loops_ring, nicolae_shop_clearance
Temple:   nicolae_temple_two_arcs
Lair:1:   layout_roguey, nicolae_volcano_entry_vermiform, lemuel_fruit_fields,
          grunt_megastairs_1, uniq_gastronok
Volcano:  volcano_village

Skill      XL: |  1  2  3  4  5  6  7  8  9 10 11 |
---------------+----------------------------------+-----
Dodging        | 3 5 |  5.5
Ranged Weapons | 1 2 3 4 5 8 9 |  9.3
Spellcasting   | 4 5 6 8 10 11 | 11.3
Conjurations   | 5 6 8 9 10 | 10.1
Ice Magic      | 1 2 3 4 |  4.3
Necromancy     | 2 9 10 | 10.1
Fighting       | 3 |  3.0
Evocations     | 4 |  4.7
Poison Magic   | 3 4 |  4.4
Stealth        | |  2.4

Action                     |  1- 3 |  4- 6 |  7- 9 | 10-12 || total
---------------------------+-------+-------+-------+-------++-------
   Fire: Sling             |    11 |       |       |       ||    11
         Shortbow          |    53 |    50 |   196 |    80 ||   379
         Longbow           |       |       |       |    40 ||    40
   Cast: Magic Dart        |     9 |     2 |    10 |     1 ||    22
         Searing Ray       |    14 |    15 |    65 |    31 ||   125
         Frozen Ramparts   |       |     1 |     8 |    14 ||    23
         Dispel Undead     |       |       |     5 |    12 ||    17
  Evoke: Wand              |       |       |    18 |     9 ||    27
    Use: Scroll            |     1 |     3 |    11 |    12 ||    27
         Potion            |       |     1 |     5 |     5 ||    11
 Armour: Robe              |     5 |    12 |    22 |    21 ||    60
  Dodge: Dodged            |    16 |    26 |   106 |    84 ||   232

Table legend: (Time is in decaauts)
 A = Elapsed time spent in this place.
 B = Non-inter-level travel time spent in this place.
 C = Inter-level travel time spent in this place.
 D = Time resting spent in this place.
 E = Time spent auto-exploring this place.
 F = Levels seen in this place.
 G = Mean time per level.
                   A        B        C        D        E       F      G
               +--------+--------+--------+--------+--------+-----+--------+
         Total |  11703 |  11302 |    401 |   3293 |   6026 |  16 |  731.4 |
       Dungeon |   9642 |   9256 |    386 |   2324 |   5402 |  11 |  876.5 |
        Temple |    695 |    680 |     15 |    453 |    114 |   1 |  695.0 |
          Lair |    103 |    103 |      0 |     39 |      0 |   1 |  103.0 |
         Sewer |    500 |    500 |      0 |    188 |    200 |   1 |  500.0 |
       Ossuary |    459 |    459 |      0 |    128 |    208 |   1 |  459.0 |
       Volcano |    301 |    301 |      0 |    161 |    101 |   1 |  301.0 |
               +--------+--------+--------+--------+--------+-----+--------+

Top non-repeatable levels by time:
     D:7: 1613 daAuts
     D:9: 1363 daAuts
     D:4: 1153 daAuts
     D:6: 1058 daAuts
     D:2: 1043 daAuts
     D:1: 996 daAuts
     D:8: 862 daAuts
     D:3: 733 daAuts
     D:5: 723 daAuts
  Temple: 695 daAuts
   Sewer: 500 daAuts
 Ossuary: 459 daAuts
 Volcano: 301 daAuts
  Lair:1: 103 daAuts
    D:11: 72 daAuts
